 Dungeon Sprint DCSS version 0.29.1-2-gbd0b4ee654 (webtiles) character file.

Game seed: 10912135904538115953

2231 Groucho the Cleaver (level 9, 0/90 HPs)
             Began as a Minotaur Berserker on Nov 25, 2022.
             Was a High Priest of Trog.
             Shot with an arrow by a centaur warrior (22 damage)
             ... in the Dungeon (Sprint IX: "|||||||||||||||||||||||||||||").
             The game lasted 00:04:09 (1079 turns).

Groucho the Cleaver (Minotaur Berserker)            Turns: 1079, Time: 00:04:10

Health: 0/90       AC: 11    Str: 23    XL:     9   Next: 14%
Magic:  8/8        EV: 18    Int:  4    God:    Trog [*****.]
Gold:   0          SH:  0    Dex: 13    Spells: 8/8 levels left

rFire   . . .      SeeInvis .   n - +3 war axe (freeze)
rCold   . . .      Faith    .   (no shield)
rNeg    . . .      Spirit   .   r - +1 scale mail
rPois   .          Reflect  .   (helmet restricted)
rElec   .          Harm     .   o - +0 cloak
rCorr   .          Rampage  .   (no gloves)
Will    .....      NoTele   +   (no boots)
Stlth   ..........              (no amulet)
HPRegen 0.25/turn               p - +2 ring of evasion
MPRegen 0.11/turn               q - +2 ring of evasion

@: on berserk cooldown, slowed, invisible, very slow
A: horns 2, retaliatory headbutt
a: Renounce Religion, Berserk, Trog's Hand, Brothers in Arms


You were in the Dungeon.
You worshipped Trog.
Trog was extremely pleased with you.
You visited 1 branch

Inventory:

Hand Weapons
 a - a +0 hand axe
 k - a +2 dire flail of protection
 l - a +4 quarterstaff of speed
 m - a +2 scimitar of holy wrath
 n - a +3 war axe of freezing (weapon)
Armour
 o - a +0 cloak (worn)
 r - a +1 scale mail (worn)
Jewellery
 p - a +2 ring of evasion (left hand)
 q - a +2 ring of evasion (right hand)
Wands
 j - a wand of roots (10)
Scrolls
 h - a scroll of blinking
Potions
 c - 4 potions of curing
 e - a potion of haste
 f - 4 potions of magic


   Skills:
 + Level 11.8 Fighting
 + Level 11.8 Axes
 + Level 11.5 Armour
 + Level 10.6 Dodging
 + Level 10.1 Unarmed Combat


You had 8 spell levels left.
You didn't know any spells.
Your spell library was empty.

Dungeon Overview and Level Annotations

Branches:
Dungeon (1/1)

Altars:
Cheibriados
Dithmenos
Elyvilon
Fedhas
Gozag
Hepliaklqana
Kikubaaqudgha
Makhleb
Nemelex Xobeh
Okawaru
Qazlal
Ru
Sif Muna
Trog
Uskayaw
Vehumet
Wu Jian
Xom
Yredelemnul
Zin
The Shining One
Jiyva
Lugonu


Innate Abilities, Weirdness & Mutations

You have a pair of horns on your head.
You reflexively headbutt those who attack you in melee.


Message History

You slash the cyclops! You freeze the cyclops.
You kill the cyclops!
Trog accepts your kill.
Your Unarmed Combat skill increases to level 10!
You have reached level 9!
Your experience leads to an increase in your attributes!
Increase (S)trength, (I)ntelligence, or (D)exterity?
You feel stronger. x2
Unknown command.
Unknown command.
Unknown command.
You start resting.
A centaur warrior is nearby!
A centaur warrior is nearby!
A centaur warrior is nearby!
You feel the effects of Trog's Hand fading.
The centaur warrior shouts!
There is an open door to the Dungeon, spattered with blood here.
You see here 6 large rocks.
The centaur warrior shouts!
The centaur warrior hits you but does no damage.
The centaur warrior barely misses you.
The centaur warrior hits you but does no damage.
The centaur warrior kicks you but does no damage.
You closely miss the centaur warrior.
You punch the centaur warrior, but do no damage.
The centaur warrior hits you.
* * * LOW HITPOINT WARNING * * *
The centaur warrior closely misses you.
The centaur warrior completely misses you.
The centaur warrior kicks you but does no damage.
Unknown command.
You catch the helpless centaur warrior completely off-guard!
You slash the centaur warrior! You freeze the centaur warrior.
You headbutt the centaur warrior!
The centaur warrior is heavily wounded.
Your skin stops crawling.
You feel less strong-willed.
The centaur warrior wields a +0 shortbow.
The centaur warrior shoots an arrow.
The arrow hits you!!
You die... ▓▓▓▓▓▓▓▓▓▓▓▓▓▓▓▓▓▓▓▓▓▓▓▓ ▓<†.)(.@.c.')...C'______ ▓▓▓▓▓▓▓▓▓▓▓▓▓▓▓▓▓▓▓▓▓▓▓▓

You could see a centaur warrior (unable to see you).

Vanquished Creatures
  A two-headed ogre (D)
  A cyclops (D)
  A water nymph (shapeshifter) (D)
  A troll (D)
  A shadow (D)
  A steam dragon (D)
  An orc warrior (D)
  A black bear (D)
  A centaur (D)
  A phantom (D)
  A kobold brigand (D)
  A necrophage (D)
  An ufetubus (D)
  An orc (D)
  A hobgoblin (D)
  2 jackals (D)
  2 ball pythons (D)
19 creatures vanquished.

Notes
Turn   | Place    | Note
-------+----------+-------------------------------------------
     0 | D        | Groucho the Minotaur Berserker began the quest for the Orb.
     0 | D        | Reached XP level 1. HP: 19/19 MP: 0/0
     9 | D        | Reached ** piety under Trog
   372 | D        | Noticed a black bear
   372 | D        | Noticed a necrophage
   372 | D        | Noticed a phantom
   380 | D        | Killed a black bear
   381 | D        | Reached skill level 5 in Armour
   381 | D        | Reached XP level 2. HP: 14/30 MP: 1/1
   381 | D        | Reached XP level 3. HP: 17/37 MP: 2/2
   381 | D        | Reached XP level 4. HP: 21/44 MP: 3/3
   382 | D        | Killed a necrophage
   382 | D        | Reached *** piety under Trog
   383 | D        | Reached skill level 5 in Dodging
   383 | D        | Reached XP level 5. HP: 22/51 MP: 4/4
   389 | D        | Killed a phantom
   390 | D        | Reached skill level 5 in Unarmed Combat
   646 | D        | Found a snail-covered altar of Cheibriados.
   646 | D        | Found a shadowy altar of Dithmenos.
   646 | D        | Found a white marble altar of Elyvilon.
   646 | D        | Found a blossoming altar of Fedhas.
   646 | D        | Found an opulent altar of Gozag.
   647 | D        | Found a hazy altar of Hepliaklqana.
   648 | D        | Found a viscous altar of Jiyva.
   649 | D        | Found an ancient bone altar of Kikubaaqudgha.
   650 | D        | Found a corrupted altar of Lugonu.
   651 | D        | Found a burning altar of Makhleb.
   652 | D        | Found a sparkling altar of Nemelex Xobeh.
   653 | D        | Found an iron altar of Okawaru.
   654 | D        | Found a stormy altar of Qazlal.
   655 | D        | Found a sacrificial altar of Ru.
   656 | D        | Found a shimmering blue altar of Sif Muna.
   657 | D        | Found a bloodstained altar of Trog.
   658 | D        | Found a hide-covered altar of Uskayaw.
   659 | D        | Found a radiant altar of Vehumet.
   660 | D        | Found an ornate altar of the Wu Jian Council.
   661 | D        | Found a shimmering altar of Xom.
   662 | D        | Found a basalt altar of Yredelemnul.
   663 | D        | Found a glowing silver altar of Zin.
   664 | D        | Found a glowing golden altar of the Shining One.
   714 | D        | Noticed a steam dragon
   714 | D        | Noticed a troll
   714 | D        | Noticed an orc warrior
   714 | D        | Noticed a centaur
   714 | D        | Noticed a shadow
   716 | D        | Killed a steam dragon
   717 | D        | Reached XP level 6. HP: 42/62 MP: 5/5
   729 | D        | Killed a troll
   729 | D        | Reached **** piety under Trog
   730 | D        | Reached XP level 7. HP: 37/70 MP: 6/6
   751 | D        | Killed a shadow
   752 | D        | Reached skill level 10 in Fighting
   752 | D        | Reached skill level 10 in Axes
   971 | D        | Noticed a two-headed ogre
   971 | D        | Noticed a deep troll
   971 | D        | Noticed a cyclops
   971 | D        | Noticed a centaur warrior
   971 | D        | Noticed a troll
  1022 | D        | Noticed a cyclops
  1022 | D        | a deep troll changed into a cyclops
  1032 | D        | Noticed a glowing orange brain
  1036 | D        | Killed a two-headed ogre
  1037 | D        | Reached skill level 10 in Armour
  1037 | D        | Reached XP level 8. HP: 67/82 MP: 7/7
  1040 | D        | Noticed a water nymph
  1040 | D        | a glowing orange brain changed into a water nymph
  1052 | D        | Killed a water nymph
  1052 | D        | Reached ***** piety under Trog
  1053 | D        | Reached skill level 10 in Dodging
  1067 | D        | HP: 2/82 [cyclops (16)]
  1068 | D        | Killed a cyclops
  1069 | D        | Reached skill level 10 in Unarmed Combat
  1069 | D        | Reached XP level 9. HP: 4/90 MP: 8/8
  1079 | D        | Shot with an arrow by a centaur warrior

Illustrated notes

Levels and vault maps discovered:
D:        linesprint [early_d, line_temple, items_1, d_10, items_2, lair_1,
          lair_end, items_3, orc_1, orc_end, items_4, d_15, swamp_1, shoals_1,
          snake_1, spider_1, d_20, vaults_1, items_5, swamp_end, shoals_end,
          snake_end, spider_end, vaults_end, d_27, items_6, zot_1, zot_end,
          crypt_end, forest_end, elf_end, slime_end, tomb_end, abyss_end,
          pan_hell_end]

Skill      XL: |  1  2  3  4  5  6  7  8 |
---------------+-------------------------+-----
Fighting       | 6 8 9 11 | 11.8
Axes           | 6 8 9 11 | 11.8
Armour         | 5 6 7 8 10 11 | 11.5
Dodging        | 4 5 7 9 10 | 10.6
Unarmed Combat | 3 4 6 7 9 10 | 10.1

Action                   |  1- 3 |  4- 6 |  7- 9 || total
-------------------------+-------+-------+-------++-------
Melee: Hand axe          |    16 |     9 |       ||    25
       Headbutt          |     2 |     3 |    10 ||    15
       War axe           |       |    12 |    39 ||    51
       Punch             |       |     1 |     3 ||     4
Invok: Trog's Hand       |     1 |     1 |     3 ||     5
       Berserk           |     1 |     1 |       ||     2
  Use: Potion            |       |     1 |     5 ||     6
       Scroll            |       |       |     1 ||     1
 Stab: Invisible         |       |       |     1 ||     1
Armor: Animal skin       |     3 |     1 |       ||     4
       Scale mail        |       |     7 |    11 ||    18
Dodge: Dodged            |     7 |    28 |    24 ||    59
